Map: Acid Plant LE

Players

Bly

  • Race: Zerg Zerg
  • Spawn Location: 5:00

Snute - Winner!

  • Race: Zerg Zerg
  • Spawn Location: 11:00

Event: WCS Leipzig 2018

VOD

Have the link to the VOD?

Description

Time

  • Played on: Jan. 26, 2018, 10:11 a.m.
  • Length: 8:42

All games in this series

Show
View Real Time Build Order
Export as new Build Order

Bly Zerg 

Build Orders: Hatch First, Zergling Baneling 

Get SALT Encoding   

  12  0:01  Drone  
  13  0:12  Overlord  
  13  0:17  Drone  
  14  0:30  Drone x2  
  14  0:34  Drone  
  17  0:51  Hatchery  
  17  0:55  Drone  
  17  0:57  Drone  
  17  1:00  Extractor  
  17  1:13  Spawning Pool  
  17  1:16  Drone  
  17  1:19  Drone  
  18  1:29  Drone  
  19  1:38  Overlord  
  19  1:59  Queen  
  19  2:01  Zergling x4  
  23  2:03  Metabolic Boost  
  23  2:04  Queen  
  23  2:06  Zergling x2  
  26  2:12  Drone  
  27  2:19  Drone  
  27  2:22  Drone  
  29  2:37  Baneling Nest  
  29  2:39  Drone x2  
  29  2:40  Drone  
  31  2:46  Queen  
  31  2:48  Overlord  
  33  3:00  Drone x3  
  36  3:19  Hatchery  
  33  3:22  Zergling x12  
  39  3:30  Zergling x6  
  41  3:34  Zergling x2  
  42  3:42  Baneling x2  
  42  3:44  Baneling x2  
  42  3:47  Drone x2  
  44  4:04  Baneling x3  
  44  4:05  Overlord x2  
  44  4:07  Overlord  
  44  4:10  Overlord  
  44  4:12  Baneling x2  
  43  4:23  Drone  
  43  4:24  Drone x6  
  48  4:30  Zergling x2  
  47  4:36  Zergling x10  
  52  4:44  Extractor, Roach Warren  
  49  4:55  Drone x5  
  49  4:58  Extractor  
  51  5:06  Drone x4  
  51  5:07  Drone x2  
  56  5:17  Baneling x2  
  56  5:19  Overlord  
  56  5:26  Roach x7  
  70  5:40  Roach  
  70  5:41  Roach x2  
  75  5:50  Lair  
  75  5:51  Overlord  
  75  5:52  Extractor  
  75  5:56  Roach x4  
  82  5:59  Overlord  
  82  6:01  Roach  
  84  6:04  Roach  
  84  6:05  Zergling x8  
  84  6:08  Overlord  
  84  6:10  Overlord  
  86  6:29  Drone x2  
  86  6:30  Drone  
  86  6:31  Roach x4  
  86  6:32  Roach x3  
  102  6:39  Ravager  
  102  6:40  Overlord  
  102  6:53  Drone x2  
  102  6:54  Drone  
  105  6:55  Evolution Chamber  
  105  7:00  Ravager x2  
  106  7:02  Drone x3  
  106  7:03  Drone x6  
  106  7:05  Overlord  
  106  7:07  Extractor  
  114  7:16  Baneling x2  
  113  7:29  Ravager  
  114  7:31  Drone x5  
  118  7:49  Roach x5  
  118  7:50  Overlord x3  
  128  8:03  Baneling x4  
  128  8:06  Hatchery  
  128  8:09  Roach x12  
  127  8:21  Roach Warren  
Show
View Real Time Build Order
Export as new Build Order

Snute Zerg - Winner!

Build Orders: Pool First 

Get SALT Encoding   

  12  0:00  Drone  
  13  0:12  Overlord  
  13  0:17  Drone  
  14  0:30  Drone x2  
  14  0:34  Drone  
  17  0:44  Spawning Pool  
  17  0:48  Drone  
  17  1:08  Hatchery  
  16  1:11  Drone  
  16  1:15  Drone  
  18  1:20  Extractor  
  17  1:31  Zergling x2, Queen  
  20  1:33  Zergling x2  
  20  1:39  Overlord  
  21  1:49  Drone  
  22  2:00  Drone  
  23  2:06  Queen  
  25  2:11  Drone  
  26  2:22  Metabolic Boost  
  26  2:23  Drone x2  
  28  2:34  Drone x2  
  30  2:43  Overlord  
  30  2:47  Drone x3, Baneling Nest  
  30  2:50  Drone  
  32  2:53  Drone  
  33  3:02  Zergling x2  
  33  3:05  Zergling x2  
  35  3:18  Drone  
  35  3:19  Drone x2  
  38  3:20  Drone x3  
  38  3:21  Drone  
  42  3:28  Overlord, Spore Crawler  
  42  3:29  Drone  
  42  3:31  Baneling x2  
  43  3:41  Extractor  
  43  3:44  Drone  
  43  3:45  Hatchery  
  43  3:46  Drone, Roach Warren  
  42  3:49  Zergling x4  
  42  3:53  Drone x3  
  47  3:59  Queen  
  47  4:01  Zergling x2  
  50  4:07  Overlord  
  50  4:10  Baneling x2  
  50  4:11  Overlord  
  51  4:18  Overlord  
  51  4:23  Overlord  
  49  4:26  Overlord  
  49  4:29  Roach x2  
  53  4:38  Roach x5  
  62  4:42  Roach x2  
  65  4:48  Roach  
  67  4:54  Hatchery  
  65  5:04  Roach x4  
  71  5:09  Drone  
  71  5:19  Zergling x8  
  75  5:22  Lair  
  75  5:24  Drone  
  75  5:25  Drone, Evolution Chamber  
  75  5:27  Extractor  
  75  5:33  Drone  
  76  5:36  Drone  
  77  5:45  Drone x3  
  77  5:46  Drone x3  
  77  5:47  Drone  
  77  5:49  Drone  
  85  5:57  Zerg Missile Weapons Level 1  
  85  5:58  Drone  
  85  6:00  Drone  
  87  6:07  Overlord  
  87  6:08  Overlord  
  87  6:16  Drone x2  
  87  6:17  Roach x5  
  97  6:23  Overlord x2  
  94  6:26  Roach  
  94  6:28  Roach  
  94  6:30  Glial Reconstitution  
  94  6:31  Roach  
  100  6:36  Roach x2  
  100  6:38  Roach x2  
  108  6:41  Extractor  
  108  6:42  Roach x2  
  111  6:47  Roach  
  111  6:50  Roach  
  111  6:52  Roach  
  117  6:58  Roach  
  117  7:01  Roach x5  
  127  7:04  Overlord x3  
  129  7:23  Roach  
  129  7:24  Roach x5  
  129  7:28  Roach  
  143  7:34  Roach x5  
  153  7:38  Overlord  
  153  7:44  Overlord  
  153  7:45  Overlord  
  153  7:56  Extractor  
  153  7:57  Roach x5  
  162  7:59  Overlord  
  162  8:03  Roach  
  162  8:04  Roach x3  
  154  8:20  Roach x2  
  154  8:21  Roach x5  
Tags
 
Add a new tag
Caveats
  • Supply blocks, unpowered buildings, or Contaminate may cause inaccurate times.
  • Supply counts are checked every 10 seconds.